 Dungeon Crawl Stone Soup version 0.11.0-9-gb634444 (webtiles) character file.

194 dethnull the Skirmisher (level 3, -10/30 HPs)
             Began as a Demonspawn Berserker on Dec 29, 2012.
             Was a Believer of Trog.
             Mangled by Crazy Yiuf
             ... wielding a +2,+3 quarterstaff of chaos
              (13 damage)
             ... on Level 2 of the Dungeon.
             The game lasted 00:10:34 (2493 turns).

dethnull the Skirmisher (Demonspawn Berserker)      Turns: 2493, Time: 00:10:34

HP -10/30        AC  6     Str 18      XL: 3   Next: 86%
MP   2/2         EV  9     Int  8      God: Trog [**....]
Gold 128         SH  0     Dex 12      Spells:  0 memorised,  2 levels left

Res.Fire  : . . .   See Invis. : .   a - +0 hand axe {=f}
Res.Cold  : . . .   Warding    : .   d - +0 ring mail
Life Prot.: . . .   Conserve   : .   (no shield)
Res.Poison: .       Res.Corr.  : .   (no helmet)
Res.Elec. : .       Clarity    : .   l - +0 cloak
Sust.Abil.: . .     Spirit.Shd : .   (no gloves)
Res.Mut.  : .       Stasis     : .   (no boots)
Res.Rott. : .       Ctrl.Telep.: .   (no amulet)
Saprovore : . . .   Levitation : .   (no ring) Ctrl.Flight: .
                                     (no ring)

@: not resistant to hostile enchantments, very unstealthy
A: no striking features
a: Burn Spellbooks, Berserk, Trog's Hand, Renounce Religion


You were on level 2 of the Dungeon.
You worshipped Trog.
Trog was most pleased with you.
You were not hungry.

You visited 1 branch of the dungeon, and saw 2 of its levels.

You collected 108 gold pieces.

Inventory:

Hand weapons
 a - a +0,+0 hand axe (weapon) {=f}
Armour
 b - a +0 animal skin
 d - a +0 ring mail (worn)
 l - a +0 cloak (worn)
Comestibles
 c - a choko
 o - a bread ration
Scrolls
 f - 2 scrolls of curse armour {unknown}
 g - 3 scrolls of enchant weapon I {unknown}
 h - 3 scrolls of magic mapping {unknown}
 i - a scroll of enchant weapon II {unknown}
 k - 3 scrolls of noise {unknown}
 m - a scroll of random uselessness {unknown}
 q - a scroll of teleportation {unknown}
 s - a scroll of recharging {unknown}
 u - a scroll of identify
 v - a scroll of remove curse {unknown}
Jewellery
 n - an uncursed amulet of rage
 p - an uncursed amulet of stasis
Potions
 e - a potion of slowing {unknown}
 j - a potion of might {unknown}
 r - a potion of restore abilities {unknown}


   Skills:
 * Level 4.0 Fighting
 + Level 3.0 Axes
 + Level 2.4 Armour
 + Level 2.1 Dodging
 + Level 0.2 Stealth


You had 2 spell levels left.
You didn't know any spells.

Dungeon Overview and Level Annotations

Branches:
Dungeon (2/27)

Altars:
the Shining One

Annotations
D:2 Crazy Yiuf


Message History

Crazy Yiuf is moderately wounded.
Crazy Yiuf whimpers, "Candle sing mobile!"
Crazy Yiuf misses you.
You hit Crazy Yiuf.
Crazy Yiuf is heavily wounded.
Crazy Yiuf cries, "Hah!"
Crazy Yiuf barely misses you.
You hit Crazy Yiuf.
Crazy Yiuf is severely wounded.
Crazy Yiuf says, "Fire senile sanguine!"
Crazy Yiuf hits you with a quarterstaff of chaos.
* * * LOW HITPOINT WARNING * * *
Crazy Yiuf freezes you.
* * * LOW HITPOINT WARNING * * *
Use which ability? (? or * to list)
You cannot go berserk with your amulet of stasis on.
You remove your amulet of stasis.
Crazy Yiuf says, "Shadow Xom sing-song!"
Crazy Yiuf hits you with a quarterstaff of chaos!
You die...

# #.# #.# # # ###
#.########
#########
#.......#.
..>.....# #####
#######.#.
........# #)..#
#.#. ........#
#...# #.##
.(......# ... #...
........# #g#
#########...
.#'###### #@##
#........... .#.#
##.# #########...
...# #.## #...#
#..< ...# ##.#
###.#.# ###. ...#
##.## #...#.# #.
...######### ##...#
#####.#####.
##.........# #....#
#...#.#.....
########### #....#
#..##.#.###.
#########
#....###..##.#.#...


You could see Crazy Yiuf.

Vanquished Creatures
  2 adders (D:2)
  A worm (D:2)
  A giant gecko (D:1)
  An ooze (D:2)
  5 bats
  8 giant cockroaches
  4 goblins
  6 hobgoblins
  4 giant newts
  3 kobolds
  5 rats
40 creatures vanquished.

Vanquished Creatures (others)
  A giant newt (D:2)
  2 toadstools (D:1)
3 creatures vanquished.

Grand Total: 43 creatures vanquished

Notes
Turn   | Place    | Note
--------------------------------------------------------------
     0 | D:1      | dethnull, the Demonspawn Berserker, began the quest for the Orb.
     0 | D:1      | Reached XP level 1. HP: 18/18 MP: 0/0
   655 | D:1      | Reached XP level 2. HP: 17/24 MP: 1/1
  1756 | D:2      | Reached XP level 3. HP: 25/30 MP: 2/2
  1833 | D:2      | Acquired Trog's second power
  1889 | D:2      | Found a glowing golden altar of the Shining One.
  2309 | D:2      | Reached skill level 4 in Fighting
  2485 | D:2      | Noticed Crazy Yiuf
  2493 | D:2      | Mangled by Crazy Yiuf
